 Dungeon Crawl Stone Soup version 0.23.2-11-gf996548c65 (webtiles) character file.

Game seed: 17507631861704051846

3720 MalarOregon the Geomancer (level 10, -1/83 HPs)
             Began as a Ghoul Earth Elementalist on June 6, 2019.
             Was a Follower of Yredelemnul.
             Slain by an eight-headed hydra (12 damage)
             ... on level 8 of the Dungeon.
             The game lasted 00:17:39 (10220 turns).

MalarOregon the Geomancer (GhEE)                   Turns: 10220, Time: 00:17:40

Health: -1/83      AC:  5    Str: 13    XL:     10   Next: 14%
Magic:  15/16      EV: 17    Int: 13    God:    Yredelemnul [*.....]
Gold:   364        SH:  0    Dex: 12    Spells: 3/18 levels left

rFire    + . .     SeeInvis .   m - +2 short sword (drain)
rCold    + + .     Gourm    .   (no shield)
rNeg     + + +     Faith    .   c - +0 robe
rPois    ∞         Spirit   .   q - +1 helmet
rElec    .         Reflect  .   y - scarf {rC+ rF+}
rCorr    .         Harm     .   C - +0 pair of gloves
MR       .....                  (no boots)
Stlth    +++.......             (no amulet)
HPRegen  0.00/turn              A - +3 ring of dexterity
MPRegen  0.15/turn              k - +3 ring of evasion

@: rotting
A: rotting body, claws 1, carnivore, cold resistance 1, negative energy
resistance 3, inhibited regeneration, torment resistance, unbreathing
a: Animate Remains, Renounce Religion


You were on level 8 of the Dungeon.
You worshipped Yredelemnul.
Yredelemnul was aware of your devotion.
You were not hungry.

You visited 2 branches of the dungeon, and saw 9 of its levels.
You also visited: Sewer.

You collected 364 gold pieces.

Inventory:

Hand Weapons
 g - a +1 dagger of draining
   (You took it off a big kobold in a sewer)
 m - a +2 short sword of draining (weapon)
   (You found it on level 2 of the Dungeon)
Missiles
 b - 199 stones (quivered)
Armour
 c - a +0 robe (worn)
 q - a +1 helmet (worn)
   (You took it off Robin on level 2 of the Dungeon)
 y - a scarf of resistance (worn)
   (You found it on level 3 of the Dungeon)
 C - a +0 pair of gloves (worn)
   (You found it on level 5 of the Dungeon)
Magical Staves
 r - an uncursed staff of fire
   (You found it on level 7 of the Dungeon)
 B - an uncursed staff of conjuration {!a}
   (You found it on level 5 of the Dungeon)
Jewellery
 k - a +3 ring of evasion (right hand)
   (You found it on level 1 of the Dungeon)
 l - an uncursed ring of protection from magic
   (You found it on level 2 of the Dungeon)
 o - an uncursed ring of protection from cold
   (You took it off a goblin on level 2 of the Dungeon)
 t - an uncursed ring of protection from cold
   (You found it on level 7 of the Dungeon)
 w - an uncursed amulet of faith {!P}
   (You found it on level 3 of the Dungeon)
 A - a +3 ring of dexterity (left hand)
   (You found it on level 5 of the Dungeon)
Wands
 z - a wand of polymorph (2)
   (You found it on level 6 of the Dungeon)
Scrolls
 f - a scroll of teleportation {@r4}
 h - 2 scrolls of magic mapping
 j - 2 scrolls of remove curse {@r2}
 p - a scroll of enchant armour
 u - 3 scrolls of blinking
 x - a scroll of fog
 G - a scroll of brand weapon {unknown}
 H - 2 scrolls of identify {@r1}
Potions
 a - a potion of flight
 i - 2 potions of curing {@q1}
 n - 3 potions of might
 s - a potion of heal wounds {@q2}
 v - a potion of invisibility
 D - a potion of experience
 E - a potion of resistance
 F - a potion of agility
Comestibles
 d - 2 chunks of flesh
 e - 12 rations {!d}


   Skills:
 + Level 5.9 Fighting
 + Level 5.4 Dodging
 + Level 7.0 Stealth
 + Level 4.9 Spellcasting
 - Level 0.8 Transmutations
 * Level 9.6 Earth Magic
 + Level 3.3 Invocations


You had 3 spell levels left.
You knew the following spells:

 Your Spells              Type           Power        Failure   Level  Hunger
a - Sandblast             Erth           ####..       1%          1    None
b - Lee's Rapid Deconstr  Erth           ####......   10%         5    ######.
c - Petrify               Tmut/Erth      ###.....     22%         4    ####...
q - Passwall              Tmut/Erth      ###.....     3%          2    ##.....
x - Stone Arrow           Conj/Erth      ###...       8%          3    ###....

Your spell library contained the following spells:

 Spells                   Type           Power        Failure   Level  Hunger
 Shock                    Conj/Air       #...         19%         1    None
 Swiftness                Chrm/Air       #.......     28%         2    ##.....
 Static Discharge         Conj/Air       #.......     50%         3    ###....
 Airstrike                Air            #.........   88%         4    ####...
 Lightning Bolt           Conj/Air       #.........   99%         5    ######.


Dungeon Overview and Level Annotations

Branches:
Dungeon (8/15)             Temple (1/1) D:5
   Lair: D:8-11

Altars:
Ashenzari
Cheibriados
Dithmenos
Elyvilon
Fedhas
Gozag
Hepliaklqana
Kikubaaqudgha
Makhleb
Nemelex Xobeh
Okawaru
Qazlal
Ru
Sif Muna
Trog
Uskayaw
Vehumet
Wu Jian
Xom
Yredelemnul
Zin
The Shining One


Innate Abilities, Weirdness & Mutations

Your body is rotting away.
You thrive on raw meat.
You are immune to poison.
You have sharp fingernails.
You are carnivorous and can eat meat at any time.
Your flesh is cold resistant. (rC+)
You are immune to negative energy. (rN+++)
You do not regenerate when monsters are visible.
You are immune to unholy pain and torment.
You can survive without breathing.


Message History

No target in view!
No target in view!
No target in view!
No target in view!
No target in view!
You butcher the hound corpse.
d - 3 chunks of flesh You see here a hound skeleton. x2
Eating one of 3 chunks of flesh.
You eat one of the 3 chunks of flesh.
You feel more resilient.
This raw flesh tastes great!
A scorpion comes into view.
A scorpion is nearby!
A scorpion is nearby!
Found a stone staircase leading down.
An orc comes into view. It is wielding a +0 morningstar.
The helpless scorpion fails to defend itself.
You puncture the scorpion! You drain the scorpion. The scorpion stings you.
You hit the scorpion.
You kill the scorpion!
Yredelemnul accepts your kill.
An eight-headed hydra comes into view.
The helpless orc fails to defend itself.
You impale the orc!!
You kill the orc!
Yredelemnul accepts your kill.
You can now animate remains.
Things that are here:
a +0 morningstar; a +0 leather armour The helpless eight-headed hydra fails to defend itself.
You puncture the eight-headed hydra! The eight-headed hydra bites you.
The eight-headed hydra bites you! x2
The eight-headed hydra barely misses you.
The eight-headed hydra completely misses you.
The eight-headed hydra bites you.
The eight-headed hydra barely misses you.
The eight-headed hydra misses you.
Okay, then.
Aim: an eight-headed hydra (lightly wounded)
The blast of sand hits the eight-headed hydra!!
b - 199 stones The eight-headed hydra closely misses you.
The eight-headed hydra bites you!
* * * LOW HITPOINT WARNING * * *
The eight-headed hydra closely misses you.
The eight-headed hydra bites you!
* * * LOW HITPOINT WARNING * * *
The eight-headed hydra bites you!
* * * LOW HITPOINT WARNING * * *
The eight-headed hydra bites you!
You die...
Yredelemnul claims you as an undead slave.

#....# #
#.........#
.....#
#....÷....#
.......
#.........#
##...#.#
#.........#
#.####..###
#.#......#
#.#.###..# #.#
#..# #@# #..##
#D# #...# #.#
##..# #.####..#
#.......#####
#.............
#
#.)####..#####
#.#...........
#....#'###.>...


You could see an eight-headed hydra.

Vanquished Creatures
  Pikel (D:4)
  A cyclops (D:7)
  A hippogriff (D:7)
  An orc warrior (D:7)
  A black bear (D:7)
  An eye of draining (D:7)
  2 phantoms
  3 ogres
  2 centaurs (D:7)
  6 big kobolds (Sewer)
  A gnoll sergeant (D:4)
  4 bullfrogs
  A scorpion (D:8)
  The ghost of Sassenached the Skirmisher, a weakling DsMo (D:3)
  4 crimson imps
  A bullfrog zombie (D:7)
  3 centaur zombies
  4 orc priests
  2 jellies (D:5)
  5 hounds
  An iguana (D:6)
  2 orc wizards
  2 worker ants
  2 worker ant zombies
  Robin (D:2)
  7 gnolls
  3 howler monkey skeletons
  12 adders
  A river rat (Sewer)
  6 oozes (Sewer)
  An adder skeleton (D:8)
  6 worms
  3 leopard geckos
  12 orcs
  7 ball pythons
  7 bats
  8 giant cockroaches
  10 goblins
  14 hobgoblins
  8 jackals
  13 kobolds
  3 quokkas
  7 frilled lizards
  A quokka zombie (D:7)
  8 rats
190 creatures vanquished.

Vanquished Creatures (others)
  4 slaves (D:4)
  An orc wizard (D:4)
  4 gnolls (D:4)
  An orc (D:4)
  A giant cockroach (D:4)
11 creatures vanquished.

Grand Total: 201 creatures vanquished

Notes
Turn   | Place    | Note
-------+----------+-------------------------------------------
     0 | D:1      | MalarOregon the Ghoul Earth Elementalist began the quest
                  | for the Orb.
     0 | D:1      | Reached XP level 1. HP: 14/14 MP: 2/2
   383 | D:1      | Reached XP level 2. HP: 12/22 MP: 3/3
  1236 | D:1      | Reached XP level 3. HP: 20/27 MP: 4/4
  1784 | D:2      | Noticed Robin
  1789 | D:2      | Killed Robin
  1789 | D:2      | Reached skill level 1 in Fighting
  1789 | D:2      | Reached skill level 4 in Earth Magic
  1970 | D:2      | Reached XP level 4. HP: 22/35 MP: 6/6
  2915 | D:3      | Reached XP level 5. HP: 39/40 MP: 7/7
  2965 | D:3      | Found a glowing drain.
  2984 | Sewer    | Entered a sewer
  3003 | Sewer    | Noticed a big kobold
  3020 | Sewer    | Killed a big kobold
  3047 | Sewer    | Noticed a big kobold
  3059 | Sewer    | Killed a big kobold
  3059 | Sewer    | Reached skill level 5 in Earth Magic
  3059 | Sewer    | Reached XP level 6. HP: 15/48 MP: 8/8
  3687 | Sewer    | Reached XP level 7. HP: 55/55 MP: 10/10
  4058 | Sewer    | Reached skill level 6 in Earth Magic
  4382 | D:3      | Found a runed translucent door.
  4972 | D:3      | Noticed Sassenached's ghost (weakling DsMo)
  5089 | D:3      | Killed Sassenached's ghost
  5123 | D:3      | Learned a level 3 spell: Stone Arrow
  5129 | D:3      | Learned a level 5 spell: Lee's Rapid Deconstruction
  5315 | D:4      | Reached XP level 8. HP: 47/63 MP: 11/11
  5390 | D:4      | Noticed Pikel
  5414 | D:4      | Killed Pikel
  5414 | D:4      | Reached skill level 5 in Stealth
  5414 | D:4      | Reached skill level 7 in Earth Magic
  6033 | D:5      | Entered Level 5 of the Dungeon
  6034 | D:5      | Found a shattered altar of Ashenzari.
  6126 | D:5      | Reached XP level 9. HP: 59/72 MP: 12/14
  6146 | D:5      | Reached skill level 8 in Earth Magic
  6279 | D:5      | Found a shimmering altar of Xom.
  6331 | D:5      | Found a staircase to the Ecumenical Temple.
  6346 | Temple   | Entered the Ecumenical Temple
  6624 | Temple   | Became a worshipper of Yredelemnul the Dark
  7112 | D:6      | Reached skill level 1 in Invocations
  7486 | D:6      | Reached skill level 5 in Fighting
  7848 | D:6      | Learned a level 4 spell: Petrify
  7851 | D:6      | Learned a level 2 spell: Passwall
  8304 | D:7      | Reached skill level 5 in Dodging
  8459 | D:7      | Noticed a cyclops
  8840 | D:7      | Killed a cyclops
  8840 | D:7      | Reached skill level 9 in Earth Magic
  9348 | D:7      | Reached XP level 10. HP: 80/83 MP: 16/16
  9565 | D:7      | Reached * piety under Yredelemnul
 10206 | D:8      | Noticed an eight-headed hydra
 10220 | D:8      | Slain by an eight-headed hydra

Skill      XL: |  1  2  3  4  5  6  7  8  9 10 |
---------------+-------------------------------+-----
Dodging        | 2 3 4 5 |  5.4
Spellcasting   | 2 3 4 |  4.9
Fighting       | 1 2 3 4 5 |  5.9
Earth Magic    | 4 5 6 7 9 |  9.6
Stealth        | 3 4 5 6 7 |  7.0
Invocations    | 2 3 |  3.3
Transmutations | |  0.8

Action                   |  1- 3 |  4- 6 |  7- 9 | 10-12 || total
-------------------------+-------+-------+-------+-------++-------
Melee: Unarmed           |   130 |       |       |       ||   130
       Short sword       |    56 |   164 |   484 |    86 ||   790
 Cast: Sandblast         |     1 |    11 |    67 |     1 ||    80
       Stone Arrow       |       |       |    19 |       ||    19
  Use: Scroll            |       |     9 |    12 |     1 ||    22
       Potion            |       |       |     2 |       ||     2
 Stab: Sleeping          |     2 |     2 |    15 |     6 ||    25
  Eat: Chunk             |    14 |     5 |    26 |     8 ||    53
Armor: Robe              |    23 |    23 |    72 |    16 ||   134
Dodge: Dodged            |   104 |   110 |   432 |    82 ||   728
